Map: Curious Minds LE

Players

MCanning

  • Race: Protoss Protoss
  • League: Grandmaster

SuperNova - Winner!

  • Race: Terran Terran
  • League: Grandmaster

VOD

Have the link to the VOD?

Description

Time

  • Played on: Feb. 22, 2022, 4:09 a.m.
  • Length: 19:50
Show
View Real Time Build Order
Export as new Build Order

MCanning Protoss 

Build Orders: 1 Gate Expand, Archon Immortal 

Get SALT Encoding   

  12  0:00  Probe  
  13  0:12  Probe  
  14  0:17  Pylon  
  14  0:24  Probe  
  15  0:36  Probe (Chrono Boost), Gateway  
  16  0:46  Assimilator  
  16  0:47  Probe (Chrono Boost)  
  17  0:51  Probe (Chrono Boost)  
  18  1:03  Probe  
  19  1:15  Probe  
  20  1:23  Nexus  
  20  1:32  Cybernetics Core  
  20  1:37  Probe  
  21  1:42  Assimilator  
  21  1:48  Zealot (Chrono Boost)  
  23  1:54  Pylon  
  23  2:12  Probe  
  23  2:13  Stalker (Chrono Boost)  
  26  2:18  Warp Gate  
  26  2:24  Probe  
  27  2:36  Probe  
  28  2:42  Stalker (Chrono Boost)  
  27  2:46  Shield Battery  
  27  2:48  Probe x2  
  31  2:59  Pylon  
  31  3:01  Probe  
  31  3:02  Probe  
  33  3:08  Stalker  
  35  3:13  Probe (Chrono Boost)  
  37  3:22  Probe (Chrono Boost)  
  37  3:24  Probe (Chrono Boost)  
  38  3:30  Probe (Chrono Boost)  
  38  3:38  Probe  
  39  3:41  Probe (Chrono Boost)  
  40  3:49  Robotics Facility  
  40  3:50  Probe (Chrono Boost)  
  40  3:52  Pylon  
  40  3:54  Probe (Chrono Boost)  
  42  4:01  Probe (Chrono Boost)  
  44  4:03  Probe (Chrono Boost)  
  44  4:07  Stalker  
  45  4:11  Probe (Chrono Boost)  
  46  4:18  Pylon  
  46  4:20  Gateway  
  46  4:23  Probe x2 (Chrono Boost)  
  48  4:27  Pylon  
  48  4:31  Probe (Chrono Boost)  
  50  4:33  Probe (Chrono Boost)  
  50  4:35  Assimilator  
  50  4:37  Observer, Probe  
  51  4:38  Sentry  
  51  4:39  Assimilator  
  51  4:44  Gateway  
  54  4:46  Probe  
  54  4:49  Robotics Bay  
  55  4:53  Probe  
  55  4:56  Forge  
  55  4:58  Probe  
  55  4:59  Observer  
  58  5:08  Probe  
  58  5:09  Pylon  
  58  5:12  Stalker  
  58  5:13  Pylon  
  61  5:15  Probe  
  61  5:21  Immortal (Chrono Boost)  
  62  5:25  Sentry  
  62  5:27  Probe  
  67  5:45  Nexus  
  67  5:46  Photon Cannon  
  67  5:47  Observer  
  67  5:48  Probe  
  68  5:51  Pylon  
  68  5:53  Observer (Chrono Boost)  
  68  5:59  Photon Cannon, Probe  
  68  6:00  Probe  
  69  6:12  Probe (Chrono Boost)  
  69  6:13  Twilight Council  
  69  6:14  Gateway  
  69  6:15  Observer  
  69  6:16  Probe (Chrono Boost)  
  71  6:22  Probe (Chrono Boost)  
  72  6:27  Probe (Chrono Boost)  
  72  6:29  Probe  
  72  6:30  Forge  
  72  6:31  Protoss Ground Armor Level 1 (Chrono Boost)  
  74  6:39  Probe  
  74  6:41  Probe  
  74  6:44  Shield Battery  
  75  6:48  Shield Battery  
  75  6:49  Charge  
  75  6:51  Probe  
  76  6:54  Probe  
  76  6:56  Templar Archives  
  76  6:57  Gateway  
  75  7:01  Stalker  
  75  7:04  Probe x2 (Chrono Boost)  
  75  7:07  Probe (Chrono Boost), Protoss Ground Weapons Level 1 (Chrono Boost)  
  77  7:14  Gateway  
  79  7:15  Probe (Chrono Boost)  
  79  7:17  Probe x2 (Chrono Boost)  
  79  7:20  Probe (Chrono Boost)  
  79  7:21  Probe (Chrono Boost)  
  80  7:26  Probe  
  80  7:29  Shield Battery  
  82  7:30  Immortal (Chrono Boost), Probe  
  82  7:32  Probe  
  82  7:34  High Templar  
  82  7:35  High Templar x3  
  96  7:38  Probe  
  96  7:41  Archon  
  96  7:42  Archon, Probe  
  98  7:49  Psionic Storm  
  98  7:52  Probe, Nexus  
  98  7:53  Probe  
  98  7:55  Assimilator  
  100  8:00  Probe, Assimilator  
  100  8:02  High Templar  
  103  8:10  Gateway  
  103  8:11  Probe, Gateway  
  104  8:13  Pylon, Probe  
  104  8:17  Zealot  
  107  8:20  High Templar  
  107  8:26  Pylon  
  109  8:29  Pylon  
  109  8:31  Immortal, Probe x2  
  115  8:35  Photon Cannon  
  115  8:36  High Templar  
  117  8:44  Protoss Ground Armor Level 2 (Chrono Boost)  
  117  8:45  Probe  
  118  8:49  Shield Battery  
  118  8:50  Photon Cannon  
  118  8:52  Zealot x2  
  120  9:00  Probe  
  121  9:04  Blink  
  121  9:06  Protoss Ground Weapons Level 2 (Chrono Boost)  
  121  9:08  Zealot  
  121  9:09  Probe  
  124  9:10  Stalker  
  124  9:13  Pylon  
  124  9:15  Stalker x2  
  130  9:17  Probe  
  130  9:21  Probe  
  132  9:27  Zealot  
  132  9:32  Assimilator  
  132  9:36  Assimilator  
  132  9:37  Stargate  
  132  9:39  Gateway  
  132  9:40  Gateway  
  132  9:41  Probe x4  
  135  9:48  Zealot x4  
  135  9:49  Zealot  
  145  9:54  Immortal (Chrono Boost)  
  149  10:00  High Templar  
  151  10:07  High Templar  
  153  10:15  Nexus  
  153  10:17  Pylon  
  153  10:18  Pylon  
  153  10:19  High Templar  
  153  10:22  Pylon  
  153  10:25  Pylon x2  
  153  10:27  High Templar  
  155  10:33  Immortal (Chrono Boost)  
  159  10:36  Fleet Beacon  
  159  10:40  Stargate, Zealot x2, Archon  
  159  10:41  Zealot x2  
  167  10:44  Stargate  
  167  10:53  Photon Cannon  
  167  10:56  Protoss Ground Armor Level 3 (Chrono Boost)  
  167  11:00  Dark Shrine  
  167  11:04  Warp Prism  
  167  11:06  Zealot x4  
  167  11:07  Zealot  
  179  11:13  Photon Cannon  
  179  11:16  Protoss Ground Weapons Level 3 (Chrono Boost)  
  171  11:30  Zealot x6  
  171  11:31  Zealot x3  
  181  11:41  Probe  
  181  11:44  Observer (Chrono Boost)  
  181  11:46  Protoss Air Weapons Level 1 (Chrono Boost), Gravitic Boosters  
  183  11:49  Carrier (Chrono Boost)  
  185  11:57  High Templar  
  185  11:58  High Templar  
  185  12:01  Zealot  
  197  12:02  Carrier (Chrono Boost)  
  197  12:03  Archon  
  197  12:10  Cybernetics Core  
  183  12:21  Carrier (Chrono Boost)  
  183  12:22  Stalker x3  
  175  12:29  Zealot x3  
  179  12:41  Shadow Stride  
  179  12:43  Carrier (Chrono Boost)  
  185  12:45  Assimilator  
  185  12:48  Assimilator  
  185  12:59  Nexus  
  185  13:00  Robotics Facility  
  185  13:02  Pylon  
  185  13:06  Photon Cannon  
  185  13:08  Stalker  
  185  13:09  Protoss Air Armor Level 1, Stalker x2  
  185  13:10  Observer  
  193  13:13  Carrier (Chrono Boost)  
  193  13:14  Unknown  
  193  13:21  Photon Cannon  
  193  13:24  Pylon, Shield Battery  
  193  13:25  Flux Vanes  
  191  13:27  Stalker x4  
  191  13:32  Void Ray (Chrono Boost)  
  191  13:33  Observer  
  193  13:43  Void Ray (Chrono Boost)  
  193  13:47  Stargate  
  189  13:48  Probe  
  189  13:49  Probe  
  189  13:50  Probe x3  
  194  13:57  Zealot x2  
  194  14:01  Probe, Protoss Air Weapons Level 2  
  199  14:22  Photon Cannon  
  199  14:33  Protoss Shields Level 1 (Chrono Boost)  
  198  14:58  Nexus  
  192  15:00  Mothership (Chrono Boost)  
  192  15:01  Pylon  
  192  15:03  Tempest (Chrono Boost)  
  192  15:04  Tempest (Chrono Boost)  
  192  15:06  Tempest (Chrono Boost)  
  181  15:11  Tempest (Chrono Boost)  
  192  15:15  Zealot x4  
  193  15:34  Photon Cannon  
  193  15:35  Photon Cannon  
  193  15:38  Shield Battery  
  193  15:40  Pylon, Observer (Chrono Boost)  
  194  15:42  High Templar  
  194  15:43  High Templar  
  194  15:50  Photon Cannon  
  194  15:51  Photon Cannon  
  194  15:54  Photon Cannon x2, High Templar x2  
  194  15:56  Photon Cannon  
  194  15:58  Shield Battery  
  194  16:00  Shield Battery  
  194  16:01  Tempest (Chrono Boost)  
  194  16:02  Pylon  
  197  16:04  Archon  
  197  16:06  Pylon  
  197  16:07  Pylon  
  195  16:12  Tempest (Chrono Boost)  
  200  16:30  Protoss Air Armor Level 2 (Chrono Boost)  
  190  16:34  Protoss Air Weapons Level 3 (Chrono Boost)  
  190  16:39  Shield Battery  
  190  16:42  Photon Cannon  
  190  16:44  Probe x2  
  190  16:46  Photon Cannon x2  
  191  16:48  Pylon  
  191  16:50  Assimilator  
  191  16:52  Tempest (Chrono Boost)  
  191  16:53  Dark Templar  
  193  16:55  Assimilator  
  198  17:24  Stalker  
  198  17:27  Observer  
  197  17:52  Dark Templar  
  197  18:05  Zealot x2  
  195  18:19  Stalker  
  180  18:36  Stargate x2  
  180  18:38  Stargate  
  180  18:40  Stargate  
  179  18:42  Pylon  
  179  18:44  Pylon  
  162  19:14  Pylon x2  
  162  19:15  Pylon  
  162  19:16  Pylon  
  133  19:36  Stalker x6  
Show
View Real Time Build Order
Export as new Build Order

SuperNova Terran - Winner!

Build Orders: Mech 

Get SALT Encoding   

  12  0:00  SCV  
  13  0:12  SCV  
  14  0:20  Supply Depot  
  14  0:25  SCV  
  15  0:42  Barracks  
  15  0:44  Refinery  
  15  0:45  SCV  
  16  0:52  Refinery  
  16  0:57  SCV  
  17  1:09  SCV  
  18  1:21  SCV  
  19  1:29  Reaper  
  20  1:33  Orbital Command  
  20  1:42  Factory  
  20  1:49  Supply Depot  
  20  2:01  Bunker  
  20  2:03  Reaper  
  21  2:08  SCV  
  22  2:25  SCV  
  22  2:26  Hellion  
  25  2:39  Reaper  
  25  2:43  SCV  
  27  2:50  Hellion  
  29  2:58  SCV  
  29  3:05  Supply Depot  
  30  3:21  SCV  
  30  3:23  Factory Tech Lab  
  31  3:27  Command Center  
  31  3:33  SCV  
  28  3:45  SCV  
  28  3:48  Starport  
  29  3:51  Siege Tank  
  32  3:57  SCV  
  33  4:09  SCV  
  32  4:21  SCV  
  33  4:28  Bunker  
  33  4:31  Factory Tech Lab  
  33  4:33  Cloaking Field, SCV  
  33  4:34  Banshee  
  37  4:40  Barracks Reactor  
  37  4:45  SCV  
  37  4:50  Siege Tank  
  41  4:58  Orbital Command  
  41  5:00  SCV  
  41  5:04  Command Center  
  42  5:12  SCV  
  43  5:17  Banshee  
  43  5:19  Engineering Bay  
  43  5:20  Marine x2  
  48  5:23  SCV  
  48  5:26  SCV  
  50  5:29  Supply Depot  
  50  5:35  Siege Tank, SCV  
  54  5:48  Refinery  
  54  5:49  Refinery, Missile Turret  
  54  5:50  Marine x2  
  54  5:51  SCV x2  
  54  5:53  Supply Depot  
  58  6:03  Raven, SCV  
  61  6:06  SCV  
  62  6:14  Siege Tank  
  62  6:15  Supply Depot, SCV  
  62  6:16  Orbital Command  
  66  6:20  Factory  
  66  6:23  SCV  
  67  6:27  Infernal Pre-Igniter, SCV  
  67  6:32  Factory  
  68  6:34  Barracks Reactor  
  68  6:35  SCV  
  69  6:42  Supply Depot  
  69  6:45  Orbital Command, SCV  
  70  6:47  SCV  
  70  6:52  Siege Tank  
  74  6:54  Bunker  
  74  6:57  SCV  
  74  7:00  SCV  
  76  7:07  Factory  
  76  7:09  Hellion x2, SCV  
  76  7:12  SCV x2  
  83  7:21  SCV  
  84  7:24  SCV, Missile Turret  
  84  7:25  Missile Turret  
  84  7:27  Siege Tank  
  84  7:29  SCV  
  89  7:32  Missile Turret  
  89  7:33  Refinery  
  89  7:34  Hellion, Refinery  
  91  7:37  Sensor Tower  
  91  7:39  SCV  
  91  7:40  SCV, Missile Turret  
  91  7:41  Missile Turret  
  91  7:42  SCV  
  94  7:47  Armory  
  94  7:49  Hellion  
  94  7:51  Hellion  
  98  7:53  SCV x2  
  100  7:59  SCV  
  101  8:06  Supply Depot  
  101  8:08  Hellion, Siege Tank, Factory Tech Lab, SCV x2  
  101  8:11  SCV  
  109  8:24  Supply Depot  
  109  8:26  Supply Depot, SCV x3  
  109  8:27  Hellion x2  
  116  8:28  Supply Depot  
  116  8:30  Siege Tank  
  119  8:37  Terran Vehicle Weapons Level 1  
  119  8:38  SCV x3  
  121  8:46  Siege Tank  
  121  8:47  Command Center  
  123  8:50  Supply Depot, SCV x2  
  123  8:52  Hellion, SCV  
  128  8:56  Hellion  
  130  9:03  Armory, SCV x2  
  130  9:05  SCV  
  130  9:06  Siege Tank  
  136  9:15  SCV x2  
  136  9:16  Fusion Core  
  137  9:18  Siege Tank, SCV  
  137  9:19  Starport  
  141  9:28  Hellion  
  143  9:34  Missile Turret  
  143  9:38  Siege Tank  
  146  9:39  SCV  
  146  9:40  Starport  
  146  9:41  Missile Turret  
  141  9:46  Hellion x3  
  141  9:49  Hellion x2  
  145  9:53  SCV  
  145  9:55  Starport  
  145  9:56  Starport Tech Lab  
  145  9:58  Hellion  
  148  10:04  Hellion  
  148  10:06  Terran Vehicle And Ship Armor Level 1  
  150  10:09  SCV x2  
  150  10:10  Missile Turret  
  150  10:12  Siege Tank, Missile Turret x2  
  150  10:13  Missile Turret  
  155  10:18  Starport Tech Lab  
  155  10:20  Weapon Refit  
  155  10:21  Refinery  
  155  10:22  Siege Tank  
  155  10:23  Hellion  
  155  10:24  SCV  
  155  10:27  Refinery, Missile Turret  
  161  10:28  Planetary Fortress  
  161  10:32  Terran Ship Weapons Level 1  
  161  10:33  Hellion x3  
  161  10:36  Supply Depot, SCV x2  
  161  10:39  Starport Tech Lab  
  161  10:40  Supply Depot  
  161  10:41  Missile Turret x2  
  163  10:46  SCV  
  163  10:47  Hellion x3  
  163  10:48  SCV  
  165  10:50  Battlecruiser  
  171  10:58  Battlecruiser  
  171  11:02  Sensor Tower  
  175  11:05  Battlecruiser  
  179  11:20  Command Center  
  179  11:23  Hellion, Siege Tank  
  179  11:24  Siege Tank  
  179  11:25  Hellion x2  
  188  11:36  Command Center  
  188  11:39  Supply Depot  
  188  11:40  Supply Depot  
  188  11:43  Hellion x9, Battlecruiser  
  194  11:59  Command Center  
  194  12:01  Hellion x12, Battlecruiser  
  200  12:06  Drilling Claws  
  200  12:15  Siege Tank  
  197  12:25  Missile Turret  
  197  12:26  Missile Turret  
  197  12:28  Missile Turret  
  197  12:30  Terran Ship Weapons Level 2, Terran Vehicle And Ship Armor Level 2, Missile Turret  
  197  12:35  Battlecruiser  
  197  12:38  Orbital Command, Widow Mine  
  197  12:39  Widow Mine  
  197  12:40  Battlecruiser  
  197  12:43  Widow Mine x2  
  193  12:44  Command Center  
  193  12:47  Hi-Sec Auto Tracking  
  193  12:53  Missile Turret  
  193  12:59  Orbital Command  
  193  13:04  Battlecruiser  
  196  13:13  Command Center  
  195  13:24  Orbital Command  
  195  13:30  Command Center  
  195  13:31  Command Center  
  195  13:44  Neosteel Armor  
  195  13:57  Orbital Command  
  195  14:04  Widow Mine x2  
  199  14:11  Missile Turret x2  
  196  14:28  Missile Turret  
  196  14:29  Missile Turret, Command Center  
  196  14:30  Missile Turret  
  195  14:45  Orbital Command  
  195  14:51  Battlecruiser  
  195  14:54  Missile Turret  
  195  14:55  Missile Turret  
  195  14:56  Orbital Command, Missile Turret  
  195  14:57  Refinery  
  195  14:58  Missile Turret  
  186  15:07  Planetary Fortress  
  186  15:09  Battlecruiser  
  186  15:10  Refinery  
  186  15:14  Missile Turret x3  
  192  15:16  Battlecruiser  
  192  15:17  Widow Mine  
  200  15:29  Orbital Command  
  200  15:41  Missile Turret  
  200  15:42  Missile Turret  
  200  15:43  Missile Turret  
  200  15:46  Starport x2  
  200  15:49  Terran Ship Weapons Level 3, Terran Vehicle And Ship Armor Level 3  
  200  16:00  Orbital Command, Ghost Academy  
  200  16:01  Barracks Tech Lab  
  200  16:03  Command Center  
  200  16:04  Command Center  
  200  16:10  Missile Turret  
  200  16:11  Sensor Tower, Missile Turret  
  200  16:14  Missile Turret  
  200  16:22  Widow Mine  
  200  16:23  Missile Turret x3  
  200  16:32  Missile Turret  
  194  16:37  Battlecruiser  
  194  16:38  Battlecruiser  
  200  16:52  Starport Tech Lab  
  200  16:53  Starport Tech Lab  
  196  17:03  Enhanced Shockwaves  
  193  17:09  Ghost Academy  
  193  17:11  Widow Mine x3  
  191  17:16  Battlecruiser  
  191  17:18  Widow Mine  
  195  17:24  Widow Mine  
  197  17:33  Unknown  
  196  18:01  Unknown  
  196  18:04  Battlecruiser  
  195  18:08  Battlecruiser  
  182  18:13  Battlecruiser  
  182  18:15  Battlecruiser  
  182  18:16  Widow Mine x2  
  182  18:18  Widow Mine  
  189  18:30  Widow Mine  
  189  18:31  Widow Mine  
Tags
 
Add a new tag
Caveats
  • Supply blocks, unpowered buildings, or Contaminate may cause inaccurate times.
  • Supply counts are checked every 10 seconds.